 Dungeon Crawl Stone Soup version 0.28-a0-595-g9f6c0e134a (webtiles) character file.

Game seed: 5693385096043683202

16719 tilp the Destroyer (level 12, -1/56 HPs)
             Began as a Felid Hedge Wizard on Oct 4, 2021.
             Was a Follower of Sif Muna.
             Slain by a catoblepas (20 damage)
             ... on level 2 of the Lair of Beasts.
             The game lasted 00:53:54 (29355 turns).

tilp the Destroyer (Felid Hedge Wizard)            Turns: 29355, Time: 00:53:55

Health: -1/56      AC:  3    Str:  6    XL:     12   Next: 12%
Magic:  0/22       EV: 20    Int: 20    God:    Sif Muna [*.....]
Gold:   1115       SH:  0    Dex: 16    Spells: 4/23 levels left
                                        Lives:  0   Deaths: 3

rFire   + . .      SeeInvis +     - Unarmed
rCold   + . .      Faith    .   (shield unavailable)
rNeg    + . .      Spirit   +   (armour unavailable)
rPois   +          Reflect  .   (helmet unavailable)
rElec   .          Harm     .   (cloak unavailable)
rCorr   .          Rampage  .   (gloves unavailable)
Will    +....                   (boots unavailable)
Stlth   ++++......              a - amulet of guardian spirit
HPRegen 0.18/turn               x - ring "Kaimp" {rF+ rN+}
MPRegen 0.18/turn               m - ring of poison resistance

@: channelling, quick
A: very small, claws 1, fangs 3, see invisible, speed 1, shaggy fur 3, stealthy
paws, no weapons or thrown items, no armour, multi-lived
a: Renounce Religion, Channel Magic


You were on level 2 of the Lair of Beasts.
You worshipped Sif Muna.
Sif Muna was aware of your devotion.
You visited 3 branches of the dungeon, and saw 14 of its levels.

You collected 1154 gold pieces.
You spent 39 gold pieces at shops.

Inventory:

Jewellery
 a - an amulet of guardian spirit (around neck)
 d - an amulet of faith
 l - a +6 ring of dexterity
 m - a ring of poison resistance (right paw)
 o - a ring of ice
 r - an amulet of the acrobat
 w - a ring of flight
 x - the ring "Kaimp" (left paw) {rF+ rN+}
   (You took it off an orc warrior on level 10 of the Dungeon)

   [ring of protection from fire]

   rF:        It protects you from fire.
   rN:        It protects you from negative energy.
Wands
 c - a wand of flame (60)
 q - a wand of iceblast (24)
 t - a wand of digging (4)
 v - a wand of polymorph (7)
 y - a wand of charming (6)
 A - a wand of acid (7)
Scrolls
 b - 3 scrolls of teleportation
 f - 6 scrolls of magic mapping
 i - a scroll of vulnerability
 z - a scroll of identify
Potions
 e - 3 potions of lignification
 g - a potion of resistance
 h - 2 potions of flight
 j - a potion of might
 n - 3 potions of invisibility
 p - 3 potions of curing
 s - 2 potions of brilliance
 u - 2 potions of cancellation
 B - a potion of ambrosia
Miscellaneous
 C - a piece from Xom's chessboard (15/15)


   Skills:
 + Level 8.4 Fighting
 - Level 6.0 Dodging
 - Level 8.0 Stealth
 - Level 8.0 Unarmed Combat
 - Level 6.0 Spellcasting
 - Level 10.0 Conjurations
 - Level 4.0 Hexes
 - Level 1.0 Summonings
 - Level 4.0 Translocations
 - Level 6.0 Fire Magic
 - Level 2.0 Air Magic
 - Level 4.0 Earth Magic
 - Level 2.0 Poison Magic
 - Level 6.0 Invocations
 - Level 6.0 Evocations


You had 4 spell levels left.
You knew the following spells:

 Your Spells              Type           Power      Damage    Failure   Level
a - Flame Wave            Conj/Fire      38%        3d8       3%          4
b - Call Imp              Summ           10%        N/A       11%         2
c - Blink                 Tloc           N/A        N/A       3%          2
d - Slow                  Hex            22%        N/A       3%          2
e - Stone Arrow           Conj/Erth      68%        3d11      1%          3
f - Mephitic Cloud        Conj/Pois/Air  24%        N/A       4%          3
g - Conjure Flame         Conj/Fire      38%        6-21      1%          3

Your spell library contained the following spells:

 Spells                   Type           Power      Damage    Failure   Level
 Foxfire                  Conj/Fire      100%       2x1d9     1%          1
 Magic Dart               Conj           100%       1d8       1%          1
 Sandblast                Erth           44%        2d11      1%          1
 Shock                    Conj/Air       100%       1d9       1%          1
 Scorch                   Fire           60%        2d8       1%          2
 Confusing Touch          Hex            22%        N/A       6%          3
 Tukima's Dance           Hex            22%        N/A       6%          3
 Ensorcelled Hibernation  Hex/Ice        28%        N/A       7%          2
 Passwall                 Tmut/Erth      11%        N/A       7%          2
 Beastly Appendage        Tmut           12%        N/A       11%         1
 Sublimation of Blood     Necr           3%         N/A       16%         2
 Frozen Ramparts          Ice            12%        1d3       30%         3
 Ozocubu's Armour         Ice            6%         N/A       30%         3
 Vampiric Draining        Necr           3%         2d6       30%         3
 Petrify                  Tmut/Erth      14%        N/A       41%         4
 Summon Ice Beast         Ice/Summ       8%         N/A       63%         4
 Animate Dead             Necr           3%         N/A       71%         4
 Ice Form                 Ice/Tmut       6%         N/A       71%         4
 Irradiate                Conj/Tmut      13%        3d18      36%         5
 Borgnjor's Vile Clutch   Necr/Erth      7%         N/A       77%         5
 Metabolic Englaciation   Hex/Ice        7%         N/A       77%         5
 Death Channel            Necr           3%         N/A       100%        6
 Simulacrum               Ice/Necr       3%         N/A       100%        6
 Summon Cactus Giant      Summ           5%         N/A       100%        6


Dungeon Overview and Level Annotations

Branches:
Dungeon (11/15)            Temple (1/1) D:5            Lair (2/6) D:11
    Orc (0/2) D:10
  Swamp: Lair:2-4    Shoals: Lair:2-4     Snake: Lair:2-4    Spider: Lair:2-4

Altars:
Ashenzari
Cheibriados
Dithmenos
Elyvilon
Fedhas
Gozag
Hepliaklqana
Kikubaaqudgha
Makhleb
Nemelex Xobeh
Okawaru
Qazlal
Ru
Sif Muna
Trog
Uskayaw
Vehumet
Wu Jian
Xom
Yredelemnul
Zin
The Shining One

Shops:
D:1 *   D:8 =   D:11 [

Annotations:
D:7 1 runed translucent door (sixfirhy)
D:11 Erica
Lair:1 exclusions: hydra, oklob plant and yak


Innate Abilities, Weirdness & Mutations

You have sharp claws.
You have razor-sharp teeth.
You have supernaturally acute eyesight. (SInv)
You cover ground quickly. (Speed+)
Your thick and shaggy fur keeps you warm. (AC +3, rC+)
Your paws help you pounce on unaware monsters.
You are incapable of wielding weapons or throwing items.
You cannot wear armour.
You gain extra lives every three experience levels.


Message History

The catoblepas gores you!!
Ouch! That really hurt!
Casting: Flame Wave (dangerous; 3% risk of failure)
Confirm with . or Enter, or press ? or * to list all spells.
Restarting spell: Flame Wave (dangerous; 3% risk of failure)
Press: ? - help, Dir - look around, f - activate A wave of flame ripples out!
The flame wave engulfs the catoblepas!
The catoblepas is almost dead. (Press . to intensify the flame waves.)
The catoblepas completely misses you.
Unknown command.
Casting: Flame Wave (dangerous; 3% risk of failure)
Confirm with . or Enter, or press ? or * to list all spells.
You don't have enough magic to cast this spell.
Unknown command.
Unknown command.
The catoblepas breathes a plume of calcifying dust at you.
The blast of calcifying dust hits you.
Unknown command.
The catoblepas breathes a plume of calcifying dust at you.
The blast of calcifying dust hits you!
* * * LOW HITPOINT WARNING * * *
Casting: Flame Wave (dangerous; 3% risk of failure)
Confirm with . or Enter, or press ? or * to list all spells.
Aiming: Mephitic Cloud (dangerous; 4% risk of failure)
Press: ? - help, Shift-Dir - straight line, f - catoblepas
Aim: a catoblepas (calcifying dust, almost dead, chance to affect: 34%)
The ball explodes into a vile cloud!
The stinking cloud engulfs the catoblepas but does no damage.
The catoblepas is almost dead.
Unknown command.
Casting: Mephitic Cloud (dangerous; 4% risk of failure)
Confirm with . or Enter, or press ? or * to list all spells.
Aiming: Stone Arrow (safe; 1% risk of failure)
Press: ? - help, Shift-Dir - straight line, f/p - catoblepas
Aim: a catoblepas (calcifying dust, almost dead, 100% to hit)
The stone arrow hits the catoblepas.
The catoblepas is almost dead.
The catoblepas gores you!!
You die...

###..## ### #.### .............
#P#...# ##P##...# ...........#
.....####P...#.## .}....!.....
...#.##........# ...........#
.............#.# ...........P
.............#.### ........F...
.≈.P≈.....≈P...#§###......>Y<...#
.≈P≈≈..≈≈≈≈≈.....Y§..............
#≈≈≈≈≈P≈≈≈≈≈....@##.............#
#≈≈≈P≈≈≈≈≈P≈...### .............#
≈≈≈≈≈≈≈≈≈≈≈≈...# ..............
≈P≈≈≈P≈≈P≈≈≈...# #.##.##.##...#
♣≈≈≈≈≈≈≈≈≈≈P♣..# .###### .P.#
≈≈≈≈≈≈≈♣..# .. ##.# ≈≈≈≈≈♣... ..


You could see a catoblepas.

Vanquished Creatures
  2 hydras
  A boulder beetle (Lair:2)
  2 centaur warriors (D:10)
  2 two-headed ogres
  Sonja (D:11)
  A deep elf knight (D:10)
  An ugly thing (D:10)
  A wolf spider (D:10)
  A manticore (D:9)
  A cyclops (D:11)
  A black mamba (Lair:1)
  Maurice (D:10)
  A cane toad (Lair:1)
  An ice statue (D:10)
  5 kobold demonologists
  4 komodo dragons
  2 rime drakes (Lair:2)
  3 trolls
  2 vampires
  A wraith (D:10)
  2 shadows (D:10)
  10 yaks
  2 wyverns
  3 steam dragons
  10 vampire mosquitoes (D:11)
  2 acid dragons (D:10)
  3 water moccasins
  2 hornet zombies (D:8)
  An ice beast (D:8)
  2 sky beasts
  A black bear (D:5)
  7 orc warriors
  7 wolves
  An ogre (D:6)
  8 centaurs
  A necrophage (D:8)
  3 kobold brigands
  9 bullfrogs
  A wyvern zombie (D:8)
  6 scorpions
  A gnoll sergeant (D:10)
  A water moccasin zombie (D:4)
  17 killer bees (D:10)
  4 howler monkeys
  14 centaur zombies
  2 jellies
  A gnoll shaman (D:10)
  5 hounds
  A bullfrog skeleton (D:6)
  4 orc priests
  14 orc wizards
  2 killer bee zombies (D:8)
  2 centaur simulacra
  A hound zombie (D:5)
  2 hound skeletons (D:4)
  A mummy (D:5)
  2 howler monkey zombies
  7 gnolls
  9 adders
  A howler monkey skeleton (D:6)
  An ufetubus (D:5)
  4 worms
  3 dart slugs
  30 orcs
  11 bats
  4 endoplasms
  2 giant cockroaches
  13 goblins
  3 hobgoblins
  5 jackals
  21 kobolds
  3 quokkas
  13 ball pythons
  4 frilled lizards
  A quokka skeleton (D:4)
  2 rats
  A butterfly (Lair:2)
327 creatures vanquished.

Vanquished Creatures (collateral kills)
  A gnoll shaman (D:4)
  An iguana (D:4)
  2 gnolls (D:4)
  2 adders (D:4)
  A worm (D:4)
  An orc (D:4)
  A hobgoblin (D:4)
  2 jackals (D:1)
11 creatures vanquished.

Vanquished Creatures (others)
  An ice beast (D:5)
  An ogre (D:5)
  A bush (Lair:2)
  22 fungi
  50 plants
75 creatures vanquished.

Grand Total: 413 creatures vanquished

Notes
Turn   | Place    | Note
-------+----------+-------------------------------------------
     0 | D:1      | tilp the Felid Hedge Wizard began the quest for the Orb.
     0 | D:1      | Reached XP level 1. HP: 7/7 MP: 5/5
    20 | D:1      | Reached skill level 1 in Conjurations
   397 | D:1      | Reached XP level 2. HP: 11/11 MP: 2/7
   398 | D:1      | Reached skill level 2 in Conjurations
   401 | D:1      | Learned a level 2 spell: Call Imp
   404 | D:1      | Learned a level 2 spell: Blink
   407 | D:1      | Learned a level 2 spell: Slow
   828 | D:1      | Found Wygim's General Store.
  1018 | D:1      | Reached XP level 3. HP: 10/14 MP: 1/8
  1477 | D:1      | Bought a scroll of teleportation for 39 gold pieces
  1649 | D:2      | Reached skill level 3 in Conjurations
  1992 | D:2      | Reached XP level 4. HP: 18/18 MP: 2/9
  2644 | D:2      | Reached skill level 4 in Conjurations
  3357 | D:3      | Reached skill level 1 in Unarmed Combat
  3637 | D:3      | Found a faded altar of an unknown god.
  4156 | D:4      | Reached XP level 5. HP: 21/21 MP: 6/10
  4631 | D:4      | Reached skill level 1 in Fighting
  4751 | D:4      | Gained mutation: You are covered in thick fur. (AC +2)
                  | [Felid growth]
  4751 | D:4      | Reached XP level 6. HP: 23/25 MP: 6/11
  4755 | D:4      | Learned a level 3 spell: Stone Arrow
  5310 | D:4      | Found a blossoming altar of Fedhas.
  6054 | D:4      | Noticed an ice beast
  6103 | D:4      | Found a hazy altar of Hepliaklqana.
  6499 | D:4      | Slain by a gnoll shaman
  6500 | D:4      | Reached XP level 5. HP: 0/22 MP: 5/10
  6546 | D:5      | Entered Level 5 of the Dungeon
  6563 | D:5      | Reached skill level 5 in Stealth
  6563 | D:5      | Reached XP level 6. HP: 26/26 MP: 4/11
  6979 | D:5      | Noticed a sky beast
  7078 | D:4      | Reached skill level 1 in Earth Magic
  7078 | D:4      | Reached XP level 7. HP: 12/30 MP: 1/12
  7373 | D:5      | Noticed a wyvern
  7389 | D:5      | Killed a wyvern
  8213 | D:5      | Found a staircase to the Ecumenical Temple.
  8222 | Temple   | Entered the Ecumenical Temple
  8653 | D:5      | Found a snail-covered altar of Cheibriados.
  8770 | D:5      | Reached skill level 5 in Conjurations
  9055 | D:6      | HP: 1/30 [centaur (2)]
  9059 | D:6      | Reached XP level 8. HP: 2/33 MP: 1/15
 10443 | D:6      | Found a shimmering blue altar of Sif Muna.
 10448 | D:6      | Became a worshipper of Sif Muna the Loreminder
 10567 | D:6      | Reached skill level 6 in Conjurations
 10730 | D:6      | Reached skill level 1 in Evocations
 10734 | D:6      | Reached skill level 1 in Invocations
 11618 | D:7      | Reached * piety under Sif Muna
 11911 | D:7      | Reached XP level 9. HP: 11/36 MP: 6/16
 12117 | D:7      | Found a shadowy altar of Dithmenos.
 12356 | D:7      | Found a runed translucent door.
 12356 | D:7      | Noticed a sixfirhy
 12409 | D:8      | Noticed a two-headed ogre
 12720 | D:8      | Found a radiant altar of Vehumet.
 12901 | D:8      | Reached skill level 5 in Dodging
 13109 | D:8      | Found Otownev's Jewellery Shoppe.
 13229 | D:8      | Found a broken altar of Ashenzari.
 13484 | D:8      | Found an ancient bone altar of Kikubaaqudgha.
 13568 | D:8      | Reached skill level 5 in Unarmed Combat
 13972 | D:9      | Noticed a manticore
 14001 | D:9      | Found a white marble altar of Elyvilon.
 14034 | D:9      | Found a sacrificial altar of Ru.
 14608 | D:10     | Entered Level 10 of the Dungeon
 14614 | D:10     | Reached skill level 1 in Hexes
 14618 | D:10     | Learned a level 3 spell: Mephitic Cloud
 14743 | D:10     | Noticed a kobold demonologist
 14744 | D:10     | Noticed a kobold demonologist
 14750 | D:10     | Killed a kobold demonologist
 14853 | D:10     | Found a staircase to the Orcish Mines.
 14981 | D:10     | Reached XP level 10. HP: 18/42 MP: 2/17
 15156 | D:9      | Learned a level 3 spell: Conjure Flame
 15438 | D:10     | Noticed Maurice
 15710 | D:10     | Noticed an ice statue
 15911 | D:10     | Noticed a centaur warrior
 15919 | D:10     | Killed a centaur warrior
 15920 | D:10     | Reached skill level 1 in Fire Magic
 15920 | D:10     | Reached skill level 1 in Air Magic
 15920 | D:10     | Reached skill level 1 in Poison Magic
 15935 | D:10     | Reached skill level 5 in Spellcasting
 16721 | D:10     | Reached skill level 7 in Conjurations
 17588 | D:10     | Reached skill level 8 in Conjurations
 17706 | D:10     | Noticed a sun demon
 18466 | D:10     | Noticed a centaur warrior
 18491 | D:9      | Reached XP level 11. HP: 43/46 MP: 11/21
 18860 | D:10     | Noticed a red ugly thing
 18879 | D:10     | Killed a red ugly thing
 18879 | D:10     | Reached ** piety under Sif Muna
 19138 | D:10     | Noticed a deep elf knight
 19141 | D:10     | Shot with an arrow by a deep elf knight
 19142 | D:10     | Reached XP level 10. HP: -3/43 MP: 0/20
 19142 | D:10     | Upgraded the game from 0.28-a0-589-g333b8329f1 to
                  | 0.28-a0-595-g9f6c0e134a
 19324 | D:10     | Reached skill level 5 in Fighting
 19498 | D:10     | Identified the ring "Kaimp" {rF+ rN+}
 19571 | D:10     | Noticed a wolf spider
 19792 | D:10     | HP: 2/44 [steam dragon/ball of steam (19)]
 20139 | D:10     | Killed a deep elf knight
 20193 | D:10     | Killed a centaur warrior
 20755 | D:9      | Killed a manticore
 20939 | D:8      | Killed a two-headed ogre
 21354 | D:8      | Reached XP level 11. HP: 49/49 MP: 6/21
 21755 | D:8      | Found a basalt altar of Yredelemnul.
 21755 | D:8      | Found an opulent altar of Gozag.
 21856 | D:10     | Slain by a wolf spider
 21857 | D:10     | Reached XP level 10. HP: -1/46 MP: 0/20
 21930 | D:10     | Killed a wolf spider
 22109 | D:10     | Killed Maurice
 22604 | D:10     | Killed an ice statue
 22796 | D:11     | Noticed an orange demon
 23036 | D:11     | Noticed a cyclops
 23044 | D:11     | Killed a cyclops
 23309 | D:11     | Noticed Sonja
 23314 | D:11     | Killed Sonja
 23315 | D:11     | Reached skill level 5 in Invocations
 23315 | D:11     | Reached skill level 5 in Evocations
 23382 | D:11     | Found Coxuguh's Antique Armour Emporium.
 23457 | D:11     | Learned a level 4 spell: Flame Wave
 23946 | D:11     | Reached XP level 11. HP: 48/51 MP: 10/21
 24045 | D:11     | Found a staircase to the Lair.
 24118 | D:11     | Noticed Erica
 24813 | D:11     | Noticed a two-headed ogre
 24823 | D:11     | Killed a two-headed ogre
 26086 | D:6      | Got Sif Muna's Reference Book on Transmigration
 26088 | D:6      | Got Sif Muna's Collected Works on Heat
 26091 | D:6      | Got Sif Muna's Catalogue of Hurtful Air
 26245 | Lair:1   | Entered Level 1 of the Lair of Beasts
 26438 | Lair:1   | Noticed an eight-headed hydra
 26483 | Lair:1   | Found a blossoming altar of Fedhas.
 26483 | Lair:1   | Noticed an oklob plant
 26596 | Lair:1   | Reached skill level 9 in Conjurations
 26888 | Lair:1   | Found a burning altar of Makhleb.
 26891 | Lair:1   | Noticed a four-headed hydra
 26916 | Lair:1   | Reached skill level 5 in Fire Magic
 27293 | Lair:1   | Killed a four-headed hydra
 27587 | Lair:2   | Noticed a boulder beetle
 27755 | Lair:2   | Noticed a catoblepas
 28708 | Lair:1   | Gained mutation: Your thick and shaggy fur keeps you warm.
                  | (AC +3, rC+) [Felid growth]
 28708 | Lair:1   | Reached XP level 12. HP: 23/55 MP: 8/22
 28916 | Lair:2   | Killed a boulder beetle
 28917 | Lair:2   | Reached skill level 10 in Conjurations
 29144 | Lair:2   | Noticed a five-headed hydra
 29158 | Lair:2   | Killed a five-headed hydra
 29355 | Lair:2   | Slain by a catoblepas

Illustrated notes

Levels and vault maps discovered:
D:1:      wander_arrival_peaceful_grave, layout_loops_ring, serial_shops, shop
D:2:      layout_basic, lexackson_kobold_supper
D:3:      layout_basic, shapermc_ecumenical_altar_mp_highgroup
D:4:      cheibrodos_barr_body, layout_rooms, nicolae_hepliaklqana_hazy_memory,
          fedhas_ov_isle_minmay, grunt_ministairs_2,
          amcnicky_mini_rare_corridor_liquid, minmay_between
D:5:      layout_loops_ring, chei_slow_surprise, lemuel_temple_firewalk_b,
          kennysheep_generic_room_5
D:6:      old_forge, layout_basic, nicolae_sif_muna_little_library
D:7:      cheibrodos_shockbox, layout_rooms, grunt_dithmenos_smoke,
          serial_bayou_ford_a
D:8:      layout_rooms, nicolae_vehumet_radiance, mainiacjoe_overflow_boulevard,
          evilmike_ruin_ashenzari, gammafunk_temple_overflow_elements,
          serial_shops, nicolae_diamond_shop, minmay_starry_boxes
D:9:      layout_small_grid, mainiacjoe_overflow_paths,
          nicolae_ru_great_annihilating_truth
D:10:     nzn_winding_woodlands_stair_cross [nzn_winding_woodlands_5x15_twine,
          nzn_winding_woodlands_center_garden,
          nzn_winding_woodlands_5x15_pockets,
          nzn_winding_woodlands_5x5_perimeter,
          nzn_winding_woodlands_5x5_closed_star,
          nzn_winding_woodlands_5x15_concentric,
          nzn_winding_woodlands_center_diamonds,
          nzn_winding_woodlands_5x15_garden], layout_grid_maze, minivault_16,
          grunt_potential, uniq_maurice
D:11:     layout_grid_maze, lair_entry_dummy, serial_shops, shop,
          hangedman_weighted_door, skrybe_limestone_x, kennysheep_small_square,
          uniq_sonja, uniq_erica
Temple:   jpeg_temple_alley_garden
Lair:1:   layout_hall_layers, basic_altar, lemuel_oklob_altar,
          serial_bayou_shore_b
Lair:2:   layout_small_grid, serial_bayou_shore_a, lemuel_fruit_fields

Skill      XL: |  1  2  3  4  5  6  7  8  9 10 11 12 |
---------------+-------------------------------------+-----
Conjurations   | 1 2 3 4 5 6 8 9 10 | 10.0
Unarmed Combat | 2 4 6 8 |  8.0
Dodging        | 3 4 6 |  6.0
Stealth        | 5 6 8 7 |  8.0
Fighting       | 1 2 4 8 |  8.4
Earth Magic    | 1 3 4 |  4.0
Spellcasting   | 4 6 |  6.0
Evocations     | 4 5 6 |  6.0
Invocations    | 4 5 6 |  6.0
Hexes          | 3 4 |  4.0
Translocations | 3 4 |  4.0
Fire Magic     | 2 6 |  6.0
Air Magic      | 2 |  2.0
Poison Magic   | 2 |  2.0
Summonings     | |  1.0

Action                   |  1- 3 |  4- 6 |  7- 9 | 10-12 || total
-------------------------+-------+-------+-------+-------++-------
Melee: Unarmed           |     8 |    10 |    74 |   128 ||   220
       Bite              |       |     1 |     7 |    11 ||    19
       Punch             |       |       |     2 |     4 ||     6
 Cast: Magic Dart        |   102 |   225 |   174 |    60 ||   561
       Call Imp          |     1 |    19 |     9 |       ||    29
       Stone Arrow       |       |       |    96 |   330 ||   426
       Blink             |       |       |     2 |     2 ||     4
       Mephitic Cloud    |       |       |       |    29 ||    29
       Conjure Flame     |       |       |       |     4 ||     4
       Slow              |       |       |       |     1 ||     1
       Flame Wave        |       |       |       |    16 ||    16
Invok: Channel Magic     |       |       |     4 |    17 ||    21
Evoke: Wand              |       |       |       |    23 ||    23
  Use: Scroll            |     3 |     8 |     6 |     5 ||    22
       Potion            |       |       |     4 |     1 ||     5
 Stab: Sleeping          |       |     2 |     3 |     4 ||     9
       Distracted        |       |     1 |     3 |       ||     4
       Confused          |       |       |       |    14 ||    14
       Paralysed         |       |       |       |     7 ||     7
Armor: Skin              |     4 |     5 |    13 |    67 ||    89
Dodge: Dodged            |    28 |    76 |   141 |   252 ||   497

Table legend: (Time is in decaauts)
 A = Elapsed time spent in this place.
 B = Non-inter-level travel time spent in this place.
 C = Inter-level travel time spent in this place.
 D = Time resting spent in this place.
 E = Time spent auto-exploring this place.
 F = Levels seen in this place.
 G = Mean time per level.
                   A        B        C        D        E       F      G
               +--------+--------+--------+--------+--------+-----+--------+
         Total |  26947 |  25457 |   1490 |  10525 |  11597 |  14 | 1924.8 |
       Dungeon |  23870 |  22520 |   1350 |   9206 |  10300 |  11 | 2170.0 |
        Temple |    183 |    142 |     41 |      0 |    137 |   1 |  183.0 |
          Lair |   2894 |   2796 |     98 |   1319 |   1159 |   2 | 1447.0 |
               +--------+--------+--------+--------+--------+-----+--------+

Top non-repeatable levels by time:
    D:10: 5490 daAuts
    D:11: 2820 daAuts
     D:4: 2361 daAuts
     D:9: 2344 daAuts
     D:6: 2165 daAuts
  Lair:1: 1988 daAuts
     D:8: 1726 daAuts
     D:2: 1519 daAuts
     D:5: 1512 daAuts
     D:7: 1393 daAuts
     D:1: 1321 daAuts
     D:3: 1215 daAuts
  Lair:2: 905 daAuts
  Temple: 183 daAuts
